Map: Shrines of Lizul

Players

anagus

  • Race: Terran Terran

Kraken

  • Race: Terran Terran

Karizma - Winner!

  • Race: Zerg Zerg
  • League: Platinum

CheeseMcRat - Winner!

  • Race: Terran Terran
  • League: Gold

VOD

Have the link to the VOD?

Description

Time

  • Played on: Oct. 5, 2016, 5:26 a.m.
  • Length: 6:45
Show
View Real Time Build Order
Export as new Build Order

anagus Terran 

Build Orders:  

Get SALT Encoding   

  12  0:01  SCV  
  13  0:13  SCV  
  14  0:20  Supply Depot  
  14  0:26  SCV  
  15  0:41  SCV  
  16  0:43  Barracks  
  16  0:53  Barracks  
  16  0:54  SCV  
  17  1:06  SCV, Refinery  
  18  1:11  Refinery  
  18  1:18  SCV  
  19  1:32  Marine  
  19  1:37  Orbital Command  
  21  1:53  Supply Depot  
  20  1:55  Marine  
  20  1:57  Barracks Tech Lab  
  21  2:04  Factory  
  21  2:06  SCV  
  22  2:15  Marine  
  22  2:18  SCV  
  22  2:21  Stimpack  
  24  2:23  Marine  
  25  2:32  SCV  
  25  2:35  Marine  
  27  2:45  SCV  
  27  2:46  Marine  
  27  2:50  Factory Reactor, Starport  
  29  3:00  Marine  
  29  3:04  Marine  
  31  3:12  Supply Depot  
  31  3:29  Supply Depot  
  31  3:33  Marine x2  
  31  3:34  SCV  
  34  3:41  Medivac x2  
  36  3:46  SCV  
  39  3:54  Command Center  
  39  3:56  Marine  
  39  3:58  Marine  
  41  4:14  Marine  
  41  4:16  Marine  
  43  4:32  Marine  
  43  4:34  Marine  
  45  4:40  Supply Depot  
  45  4:43  Barracks  
  45  4:44  Barracks  
  45  4:49  Marine  
  45  4:52  Marine  
  47  5:07  Marine  
  47  5:10  Marine  
  47  5:13  Medivac x2  
  49  5:25  Marine  
  49  5:28  Marine  
  51  5:32  Barracks Tech Lab  
  51  5:33  Barracks Reactor  
  48  5:43  Medivac x2  
  51  5:58  Marine x2  
Show
View Real Time Build Order
Export as new Build Order

Kraken Terran 

Build Orders:  

Get SALT Encoding   

  12  0:00  SCV  
  13  0:13  SCV  
  14  0:22  Supply Depot  
  14  0:25  SCV  
  15  0:43  SCV  
  15  0:45  Barracks  
  16  0:55  SCV, Refinery  
  17  1:07  SCV  
  18  1:19  SCV  
  19  1:32  Orbital Command  
  19  1:34  Barracks, Supply Depot  
  19  1:36  Marine  
  20  1:47  Refinery  
  20  1:54  Marine  
  20  2:00  SCV  
  22  2:06  Factory  
  22  2:12  Marine  
  22  2:13  SCV  
  24  2:21  Barracks Tech Lab  
  24  2:30  Marine  
  24  2:32  SCV  
  26  2:42  Command Center  
  26  2:49  Barracks Tech Lab  
  26  3:07  Barracks  
  26  3:08  SCV  
  26  3:12  Siege Tank  
  30  3:13  Supply Depot  
  30  3:16  Barracks Reactor  
  30  3:18  Marine  
  31  3:38  Combat Shields  
  31  3:42  Bunker  
  31  4:02  Barracks Reactor  
  31  4:03  Marine x2  
  31  4:06  Marauder  
  31  4:07  Engineering Bay  
  35  4:21  Marine  
  36  4:27  Marauder  
  36  4:30  Engineering Bay  
  38  4:40  SCV  
  40  4:45  SCV  
  40  4:48  Refinery  
  40  4:49  Refinery  
  40  5:06  Marine  
  41  5:14  Orbital Command  
  41  5:18  Marine  
  41  5:19  Marine  
  43  5:21  Marine  
  44  5:34  Starport  
  44  5:41  Armory  
  40  6:02  Siege Tank  
  39  6:17  Marine x3  
  39  6:18  Marine, Marauder  
Show
View Real Time Build Order
Export as new Build Order

Karizma Zerg - Winner!

Build Orders: Pool First 

Get SALT Encoding   

  12  0:01  Drone  
  13  0:08  Drone  
  14  0:14  Extractor  
  14  0:17  Drone  
  14  0:33  Spawning Pool  
  13  0:39  Drone  
  14  0:46  Overlord  
  14  0:58  Extractor  
  14  0:59  Drone  
  15  1:05  Drone x2  
  17  1:21  Metabolic Boost  
  17  1:25  Queen  
  19  1:47  Hatchery  
  19  1:49  Zergling x2  
  19  1:52  Zergling x2  
  20  1:55  Zergling x2  
  21  2:03  Overlord  
  21  2:18  Drone  
  21  2:21  Queen  
  24  2:24  Zergling x2  
  25  2:34  Zergling x2  
  26  2:44  Drone  
  27  2:58  Spore Crawler  
  26  3:02  Drone  
  27  3:07  Drone x3  
  27  3:08  Drone  
  31  3:13  Roach Warren, Drone  
  31  3:20  Drone  
  32  3:31  Drone x2  
  32  3:33  Overlord  
  32  3:34  Extractor  
  33  3:40  Drone x2  
  34  3:54  Drone x2  
  34  3:55  Drone  
  37  4:04  Drone x3  
  37  4:05  Evolution Chamber, Drone x2  
  41  4:14  Drone x2  
  41  4:15  Extractor  
  42  4:21  Overlord  
  42  4:22  Overlord  
  42  4:31  Zerg Missile Weapons Level 1  
  42  4:48  Hatchery  
  42  4:51  Roach  
  42  4:52  Roach x8  
  57  5:21  Drone x2  
  57  5:22  Drone  
  57  5:26  Overlord  
  60  5:36  Spawning Pool, Drone, Overlord x3  
  60  5:44  Overlord x2  
  57  6:12  Roach x6  
  57  6:16  Ravager x4  
  72  6:19  Drone  
  72  6:20  Drone  
  72  6:22  Drone x3  
  72  6:23  Drone  
  78  6:27  Zergling x2  
Show
View Real Time Build Order
Export as new Build Order

CheeseMcRat Terran - Winner!

Build Orders:  

Get SALT Encoding   

  12  0:00  SCV  
  13  0:12  SCV  
  14  0:22  Supply Depot  
  14  0:24  SCV  
  15  0:38  Refinery  
  15  0:44  SCV  
  15  0:48  Barracks  
  16  0:56  SCV  
  17  1:08  SCV  
  18  1:11  Barracks  
  18  1:20  SCV  
  19  1:32  SCV  
  20  1:39  Marine  
  21  1:42  Barracks  
  21  1:47  Orbital Command  
  21  1:53  Supply Depot  
  21  2:01  Marine  
  21  2:02  Marine  
  23  2:16  Supply Depot  
  23  2:19  Marine  
  23  2:20  Marine  
  23  2:22  SCV  
  26  2:33  Barracks Reactor  
  26  2:36  SCV  
  27  2:37  Marine x2  
  27  2:43  Supply Depot  
  29  2:47  Supply Depot  
  29  2:48  SCV  
  30  2:55  Marine  
  30  2:56  Barracks Tech Lab  
  31  3:14  Marine x4  
  31  3:16  Factory, Combat Shields  
  35  3:31  Marine  
  36  3:39  SCV, Engineering Bay  
  37  3:41  Refinery  
  37  3:48  Marine x3  
  39  4:04  Factory Tech Lab  
  39  4:05  Marine  
  39  4:06  Marine x2  
  39  4:08  Marine, Engineering Bay  
  43  4:24  Starport, Siege Tank  
  43  4:25  Marine  
  43  4:27  Marine  
  48  4:52  Command Center  
  48  5:08  Viking  
  50  5:17  Armory  
  45  5:58  Marine x4  
  47  6:16  Marine x4  
Tags
 
Add a new tag
Caveats
  • Supply blocks, unpowered buildings, or Contaminate may cause inaccurate times.
  • Supply counts are checked every 10 seconds.